 Dungeon Crawl Stone Soup version 0.20.0-10-g0535bb4 (webtiles) character file.

15747 maniacrov the Cleaver (level 12, -10/107 HPs)
             Began as a Minotaur Fighter on June 7, 2017.
             Was a High Priest of Makhleb.
             Mangled by Rupert
             ... wielding a +1 great sword of holy wrath
              (13 damage)
             ... while paralysed by Rupert
             ... on level 2 of the Orcish Mines.
             The game lasted 00:45:51 (10023 turns).

maniacrov the Cleaver (Minotaur Fighter)           Turns: 10023, Time: 00:45:52

Health: -10/107    AC: 22    Str: 24    XL:     12   Next: 4%
Magic:  11/11      EV:  2    Int:  7    God:    Makhleb [*****.]
Gold:   1094       SH:  0    Dex: 12    Spells: 11/11 levels left

rFire    . . .     SeeInvis +   n - +4 war axe (chop)
rCold    . . .     Gourm    .   c - +0 shield
rNeg     + . .     Faith    .   r - +5 chain mail
rPois    .         Spirit   .   (helmet restricted)
rElec    .         Reflect  .   D - +1 cloak
rCorr    .         Harm     .   f - +0 pair of gloves
MR       .....                  g - +0 pair of boots
Stlth    ..........             (no amulet)
Regen    0.3/turn               u - ring of see invisible
MPRegen  0.2/turn               M - ring of Eternity {rN+ Int+2 Slay+5}

@: confused, paralysed
A: retaliatory headbutt, horns 2
a: Minor Destruction, Lesser Servant of Makhleb, Major Destruction, Greater
Servant of Makhleb, Renounce Religion


You were on level 2 of the Orcish Mines.
You worshipped Makhleb.
Makhleb was extremely pleased with you.
You were not hungry.

You visited 2 branches of the dungeon, and saw 13 of its levels.

You collected 1094 gold pieces.

Inventory:

Hand Weapons
 a - a +1 war axe
 l - a +4 hand axe
 n - a +4 war axe of chopping (weapon)
 z - a cursed +1 battleaxe
 Q - a +8 battleaxe
 V - a +2 hand axe of draining
Armour
 c - a +0 shield (worn)
 f - a +0 pair of gloves (worn)
 g - a +0 pair of boots (worn)
 r - a +5 chain mail (worn)
 w - a scarf of cloud immunity
 D - a +1 cloak (worn)
Jewellery
 b - a +2 ring of evasion {unknown}
 u - a ring of see invisible (left hand)
 A - an uncursed ring of wizardry
 E - an uncursed ring of protection from cold
 F - an uncursed ring of ice
 I - an uncursed amulet of regeneration {unknown}
 M - the ring of Eternity (right hand) {rN+ Int+2 Slay+5}
   (You found it on level 9 of the Dungeon)

   [ring of positive energy]

   It affects your intelligence (+2).
   It affects your accuracy and damage with ranged weapons and melee attacks
   (+5).
   It protects you from negative energy.
 P - a +3 ring of slaying {unknown}
Wands
 x - a wand of iceblast (4/15)
 W - a wand of flame (22/48)
 X - a wand of confusion (16/48)
Scrolls
 j - 2 scrolls of amnesia
 q - a scroll of enchant armour
 v - a scroll of random uselessness {unknown}
 y - a scroll of fear {unknown}
 G - 3 scrolls of noise
 H - 3 scrolls of remove curse
 L - 3 scrolls of identify
 O - a scroll of blinking {unknown}
 R - a scroll of immolation {unknown}
 S - a scroll of silence {unknown}
 T - a scroll of recharging {unknown}
Potions
 e - 2 potions of flight {unknown}
 k - 4 potions of curing
 m - 5 potions of degeneration {unknown}
 o - 2 potions of lignification {unknown}
 s - 2 potions of invisibility {unknown}
 J - 2 potions of mutation {unknown}
 K - a potion of agility {unknown}
 N - a potion of cancellation {unknown}
 U - a potion of brilliance {unknown}
Books
 d - a book of Geomancy

   Spells                             Type                      Level
   a - Sandblast                      Earth                        1
   b - Passwall                       Transmutation/Earth          2
   c - Stone Arrow                    Conjuration/Earth            3
   d - Petrify                        Transmutation/Earth          4
   e - Lee's Rapid Deconstruction     Earth                        5
Comestibles
 h - 3 fruits
 i - 3 royal jellies
 p - 3 meat rations
 t - 2 bread rations


   Skills:
 + Level 10.3 Fighting
 + Level 14.8 Axes
 + Level 10.0 Armour
 + Level 3.7 Dodging
 + Level 0.1 Stealth
 + Level 11.4 Shields
 + Level 0.2 Invocations


You had 11 spell levels left.
You didn't know any spells.

Dungeon Overview and Level Annotations

Branches:
Dungeon (11/15)            Temple (0/1) D:7            Lair (0/6) D:10
    Orc (2/2) D:11
    Elf: Orc:2

Altars:
Dithmenos
Elyvilon
Fedhas
Makhleb
Nemelex Xobeh
Ru
Sif Muna
Trog
Uskayaw
Zin
The Shining One
Beogh

Shops:
D:9 *

Annotations:
Orc:2 Nergalle, Rupert, Urug


Innate Abilities, Weirdness & Mutations

You reflexively headbutt those who attack you in melee.
You have a pair of horns on your head.


Message History

You slash Rupert! The troll bites you!
The troll claws you but does no damage. x2
Rupert screams, "Give me the Holy Grail!"
Rupert yells loudly at you.
You suddenly lose the ability to move!
The troll bites you.
* * * LOW HITPOINT WARNING * * *
The troll claws you but does no damage. x2
Rupert roars madly and goes into a rage!
Rupert goes berserk!
Rupert hits you with a great sword of holy wrath!
* * * LOW HITPOINT WARNING * * *
The troll bites you but does no damage. The troll claws you.
* * * LOW HITPOINT WARNING * * *
The troll claws you but does no damage. Rupert hits you but does no damage.
The troll bites you!
* * * LOW HITPOINT WARNING * * *
The troll claws you but does no damage. x2
Rupert hits you with a great sword of holy wrath!
You die...

##### #...# #...###
#.....# .. ##.....##
. #..#.......###
#.........@..#
#......)))T@...#
#.....$........#
#.................
.....####...........
...... ##..........
...... #..........
.. #.......... ...


You could see Rupert (berserk) and a troll.

Vanquished Creatures
  Erolcha (D:10)
  Erica (D:11)
  A centaur warrior (D:8)
  The ghost of HUIXAX the Slicer, a novice SpWr of Dithmenos (D:7)
  4 orc knights
  A centaur zombie (D:11)
  2 trolls
  2 hornets
  2 hippogriffs
  A yak (D:10)
  A human (D:7)
  2 wyverns
  4 hogs (D:7)
  A hungry ghost (D:10)
  17 orc warriors
  Duvessa (D:5)
  A water moccasin (D:8)
  A black bear (D:8)
  A sky beast (D:9)
  A hornet zombie (D:10)
  3 phantoms
  8 ogres
  7 centaurs
  Blork the orc (Orc:2)
  3 big kobolds (D:8)
  5 bullfrogs
  2 gnoll sergeants (D:8)
  2 scorpions
  Dowan (D:5)
  18 killer bees
  4 howler monkeys
  18 wights
  The ghost of dscm the Chopper, a weakling GrGl (D:4)
  3 electric eels (D:11)
  7 crimson imps
  2 quasits
  17 orc wizards
  2 bullfrog skeletons (D:11)
  16 orc priests
  13 hounds
  3 centaur skeletons
  2 iguanas (D:7)
  7 worker ants
  3 hound skeletons
  9 gnolls (D:8)
  2 worker ant zombies (D:9)
  7 adders
  2 shadow imps
  A white imp (D:8)
  2 worms
  5 leopard geckos
  59 orcs
  A ball python (D:5)
  2 bats (D:2)
  2 giant cockroaches (D:1)
  18 goblins
  8 hobgoblins
  3 quokkas
  4 frilled lizards
  A giant cockroach zombie (D:4)
  2 goblin skeletons (D:8)
  A goblin zombie (D:8)
  2 hobgoblin zombies (D:8)
  13 kobolds
  2 kobold zombies (D:8)
  A leopard gecko zombie (D:7)
  2 orc skeletons (D:8)
  A quokka zombie (D:5)
  7 rats
  22 plants (D:8)
373 creatures vanquished.

Notes
Turn   | Place    | Note
-------+----------+-------------------------------------------
     0 | D:1      | maniacrov the Minotaur Fighter began the quest for the Orb.
     0 | D:1      | Reached XP level 1. HP: 19/19 MP: 0/0
   282 | D:1      | Reached XP level 2. HP: 27/27 MP: 1/1
  1044 | D:2      | Found a glowing silver altar of Zin.
  1103 | D:2      | Reached XP level 3. HP: 33/33 MP: 2/2
  1266 | D:3      | Reached skill level 3 in Axes
  1266 | D:3      | Reached XP level 4. HP: 38/40 MP: 3/3
  1305 | D:3      | You fall through a shaft for 2 floors!
  1305 | D:5      | Entered Level 5 of the Dungeon
  1383 | D:4      | Noticed dscm's ghost (weakling GrGl)
  1398 | D:4      | Killed dscm's ghost
  1398 | D:4      | Reached XP level 5. HP: 16/47 MP: 4/4
  1577 | D:4      | Reached skill level 4 in Axes
  1662 | D:4      | Reached skill level 5 in Shields
  2254 | D:4      | Reached skill level 5 in Fighting
  2254 | D:4      | Reached XP level 6. HP: 46/56 MP: 5/5
  2255 | D:4      | Reached skill level 5 in Axes
  2615 | D:5      | Noticed Dowan
  2616 | D:5      | Noticed Duvessa
  2629 | D:5      | Killed Dowan
  2630 | D:5      | Killed Duvessa
  2630 | D:5      | Reached skill level 5 in Armour
  2670 | D:5      | Reached XP level 7. HP: 61/61 MP: 6/6
  2755 | D:5      | Reached skill level 6 in Axes
  3331 | D:6      | Reached skill level 1 in Dodging
  3336 | D:6      | Reached skill level 7 in Axes
  3346 | D:6      | Reached XP level 8. HP: 24/70 MP: 7/7
  3580 | D:6      | Reached skill level 8 in Axes
  3676 | D:6      | Reached skill level 9 in Axes
  3771 | D:6      | Found a shadowy altar of Dithmenos.
  3771 | D:6      | Found a bloodstained altar of Trog.
  3771 | D:6      | Found a burning altar of Makhleb.
  3772 | D:6      | Found a glowing golden altar of the Shining One.
  3772 | D:6      | Found a blossoming altar of Fedhas.
  3775 | D:6      | Found a hide-covered altar of Uskayaw.
  3775 | D:6      | Found a white marble altar of Elyvilon.
  3776 | D:6      | Found a sacrificial altar of Ru.
  3786 | D:6      | Became a worshipper of Makhleb the Destroyer
  4550 | D:7      | Reached XP level 9. HP: 78/78 MP: 8/8
  4555 | D:7      | Reached skill level 10 in Axes
  4680 | D:7      | Noticed HUIXAX's ghost (novice SpWr)
  4748 | D:7      | Killed HUIXAX's ghost
  4748 | D:7      | Reached skill level 11 in Axes
  5135 | D:7      | Found a staircase to the Ecumenical Temple.
  5187 | D:7      | Reached * piety under Makhleb
  5521 | D:8      | Found a glowing golden altar of the Shining One.
  5716 | D:8      | Noticed a centaur warrior
  5729 | D:8      | Killed a centaur warrior
  5729 | D:8      | Reached XP level 10. HP: 80/88 MP: 9/9
  5879 | D:8      | Reached ** piety under Makhleb
  5882 | D:8      | Reached skill level 12 in Axes
  6293 | D:8      | Reached *** piety under Makhleb
  6685 | D:9      | Got a scintillating pewter ring
  6691 | D:9      | Identified the ring of Eternity {rN+ Int+2 Slay+5} (You found it on level 9 of the Dungeon)
  6756 | D:9      | Reached skill level 13 in Axes
  6956 | D:9      | Found a sparkling altar of Nemelex Xobeh.
  6981 | D:9      | Found Tiumasyt's General Store.
  6994 | D:9      | Reached **** piety under Makhleb
  6994 | D:9      | Reached skill level 10 in Shields
  7417 | D:9      | Found a deep blue altar of Sif Muna.
  7508 | D:10     | Entered Level 10 of the Dungeon
  7527 | D:10     | Noticed Erolcha
  7536 | D:10     | Killed Erolcha
  7536 | D:10     | Reached XP level 11. HP: 58/95 MP: 10/10
  7846 | D:10     | Found a staircase to the Lair.
  8757 | D:11     | Noticed Erica
  8772 | D:11     | Killed Erica
  8772 | D:11     | Reached skill level 14 in Axes
  9289 | D:11     | Found a roughly hewn altar of Beogh.
  9289 | D:11     | Noticed an orc knight
  9290 | D:11     | Found a staircase to the Orcish Mines.
  9299 | D:11     | Killed an orc knight
  9325 | D:11     | Reached ***** piety under Makhleb
  9364 | Orc:1    | Entered Level 1 of the Orcish Mines
  9364 | Orc:1    | Noticed an orc knight
  9374 | Orc:1    | Reached skill level 10 in Fighting
  9383 | Orc:1    | Killed an orc knight
  9654 | Orc:2    | Entered Level 2 of the Orcish Mines
  9664 | Orc:2    | Noticed an orc knight
  9685 | Orc:2    | Killed an orc knight
  9888 | Orc:2    | Noticed an orc knight
  9895 | Orc:2    | Noticed Urug
  9895 | Orc:2    | Noticed Nergalle
  9895 | Orc:2    | Noticed Blork the orc
  9896 | Orc:2    | Noticed an orc sorcerer
  9903 | Orc:2    | Reached skill level 10 in Armour
  9904 | Orc:2    | Noticed a soul eater
  9913 | Orc:2    | Noticed an orc knight
  9928 | Orc:2    | Killed an orc knight
  9937 | Orc:2    | Reached XP level 12. HP: 72/106 MP: 11/11
  9997 | Orc:2    | Noticed an orc high priest
  9998 | Orc:2    | Found a roughly hewn altar of Beogh.
 10001 | Orc:2    | Killed Blork the orc
 10003 | Orc:2    | Noticed an orc warlord
 10012 | Orc:2    | Noticed Rupert
 10020 | Orc:2    | Paralysed by Rupert for 6 turns
 10023 | Orc:2    | HP: 3/107 [troll (8)]
 10023 | Orc:2    | Mangled by Rupert

Skill      XL: |  1  2  3  4  5  6  7  8  9 10 11 |
---------------+----------------------------------+-----
Shields        | 4 5 6 7 8 10 11 | 11.4
Armour         | 4 5 6 7 8 10 | 10.0
Fighting       | 4 5 6 7 8 10 | 10.3
Axes           | 3 4 5 7 9 11 13 14 | 14.8
Dodging        | 1 2 3 |  3.7
Stealth        | |  0.1
Invocations    | |  0.2

Action                   |  1- 3 |  4- 6 |  7- 9 | 10-12 || total
-------------------------+-------+-------+-------+-------++-------
Melee: War axe           |    59 |    80 |   249 |   509 ||   897
       Headbutt          |     6 |    13 |    38 |   119 ||   176
Invok: Lesser Servant of |       |       |       |     1 ||     1
  Use: Scroll            |     5 |     1 |     4 |    13 ||    23
       Potion            |       |       |     2 |     5 ||     7
  Eat: Bread ration      |     2 |       |       |     1 ||     3
       Meat ration       |       |       |     2 |       ||     2
       Fruit             |       |       |       |     4 ||     4
       Royal jelly       |       |       |       |     3 ||     3
Armor: Scale mail        |    26 |       |       |       ||    26
       Chain mail        |     5 |    46 |   124 |   199 ||   374
Dodge: Dodged            |    15 |    15 |    62 |   129 ||   221
Block: Shield            |    31 |    45 |   139 |   277 ||   492
